 Dungeon Crawl Stone Soup version bcrawl-1.21.2-20-g6d45ba5942 (webtiles) character file.

Game seed: 10986292029750620666

116 BeastOfSaturn the Shooter (level 5, -5/31 HPs)
             Began as a Vine Stalker Hunter on Feb 29, 2020.
             Killed from afar by an orc wizard (11 damage)
             ... with a puff of flame
             ... on level 2 of the Dungeon.
             The game lasted 00:04:04 (1724 turns).

BeastOfSaturn the Shooter (Vine Stalker Hunter)     Turns: 1724, Time: 00:04:04

Health: -5/31      AC:  7    Str: 15    XL:     5   Next: 0%
Magic:  6/6        EV: 10    Int: 12    God:
Gold:   155        SH:  0    Dex: 14    Spells: 4/4 levels left

rFire    . . .     SeeInvis .   a - +3 shortbow
rCold    . . .     Gourm    .   (shield currently unavailable)
rNeg     + . .     Faith    .   h - +0 scale mail
rPois    .         Spirit   .   (no helmet)
rElec    .         Reflect  .   r - +0 cloak
rCorr    .         Harm     .   (no gloves)
MR       .....                  (no boots)
Stlth    ..........             (no amulet)
HPRegen  0.50/turn              m - ring of attention (curse)
MPRegen  0.10/turn              o - ring of positive energy

@: no status effects
A: fangs 2, regeneration 1, no potion heal 3, rot immunity, strong jaws
a: no special abilities


You were on level 2 of the Dungeon.
You were not hungry.

You visited 1 branch of the dungeon, and saw 3 of its levels.

You collected 155 gold pieces.

Inventory:

Hand Weapons
 a - a +3 shortbow (weapon)
 b - a +0 short sword
Missiles
 d - 351 arrows (quivered)
Armour
 c - a +0 leather armour
 h - a +0 scale mail (worn)
 r - a +0 cloak (worn)
Jewellery
 m - a cursed ring of attention (left hand)
 o - a ring of positive energy (right hand)
Scrolls
 f - a scroll of enchant armour {unknown}
Potions
 g - a potion of curing {unknown}
 i - a potion of brilliance {unknown}
 j - a potion of berserk rage {unknown}
 k - 2 potions of resistance
 l - a potion of ambrosia {unknown}
 n - a potion of haste {unknown}
 q - 2 potions of invisibility {unknown}
Comestibles
 e - 5 rations {!d}


   Skills:
 * Level 2.3 Fighting
 * Level 5.1 Bows
 * Level 0.8 Armour
 - Level 2.0 Dodging
 - Level 1.5 Stealth


You had 4 spell levels left.
You didn't know any spells.
Your spell library was empty.

Dungeon Overview and Level Annotations

Branches:
Dungeon (3/12)

Altars:
Makhleb
Wu Jian


Innate Abilities, Weirdness & Mutations

You have extremely sharp teeth.
Your natural rate of healing is unusually fast.
Potions cannot restore your health.
You are immune to rotting.
Your bites deal extra damage.


Message History

The orc misses you.
Firing (i - inventory)
d - 353 arrows (quivered)
Press: ? - help, Shift-Dir - straight line, f - orc wizard
Aim: an orc wizard, wielding a +0 dagger and wearing a +0 robe You shoot an arrow.
The arrow hits the orc wizard!
The orc wizard is severely wounded.
The leopard gecko completely misses you.
The orc wizard barely misses you. Something hits you but does no damage.
The orc barely misses you.
Firing (i - inventory)
d - 352 arrows (quivered)
Press: ? - help, Shift-Dir - straight line, f/p - orc wizard
Aim: an orc wizard, wielding a +0 dagger and wearing a +0 robe (severely wounded)
You shoot an arrow. The arrow hits the orc wizard!
You kill the orc wizard!
You have reached level 5!
The leopard gecko barely misses you.
You hear some strange, mumbled words.
A puff of flame appears from out of thin air!
The puff of flame hits you!
You die...

### #.. #..
######### #..
#.......# #..
#.......# #..
#.......# #..
#####[......######
##@{.........'.....
#ol).........######
#.....(......######
#..................
#.......###########
######.......#
######
#............#
#....#
#........#####
#....# #......(.#
#....#


You could see an orc and a leopard gecko.

Vanquished Creatures
  A crimson imp (D:2)
  An orc wizard (D:2)
  An ooze (D:1)
  2 worms (D:2)
  A dart slug (D:2)
  3 giant cockroaches
  4 goblins (D:1)
  3 hobgoblins
  11 jackals
  3 kobolds
  2 ball pythons
  2 bats (D:1)
  3 frilled lizards
  8 rats
45 creatures vanquished.

Notes
Turn   | Place    | Note
-------+----------+-------------------------------------------
     0 | D:1      | BeastOfSaturn the Vine Stalker Hunter began the quest for
                  | the Orb.
     0 | D:1      | Reached XP level 1. HP: 12/12 MP: 2/2
    73 | D:1      | Reached XP level 2. HP: 17/17 MP: 3/3
    75 | D:1      | Reached skill level 4 in Bows
   532 | D:1      | Reached XP level 3. HP: 20/21 MP: 4/4
  1166 | D:2      | Found a burning altar of Makhleb.
  1176 | D:2      | Reached XP level 4. HP: 24/26 MP: 5/5
  1618 | D:2      | Reached skill level 5 in Bows
  1637 | D:2      | Found an ornate altar of the Wu Jian Council.
  1724 | D:2      | Reached XP level 5. HP: 5/31 MP: 6/6
  1724 | D:2      | Killed from afar by an orc wizard

Skill      XL: |  1  2  3  4 |
---------------+-------------+-----
Bows           | 4 5 |  5.1
Fighting       | 2 |  2.3
Armour         | |  0.8
Dodging        | |  2.0
Stealth        | |  1.5

Action                   |  1- 3 |  4- 6 || total
-------------------------+-------+-------++-------
 Fire: Shortbow          |    92 |    39 ||   131
  Use: Scroll            |     2 |     2 ||     4
  Eat: Chunk             |     1 |     1 ||     2
Armor: Leather armour    |     1 |       ||     1
       Scale mail        |    11 |    10 ||    21
Dodge: Dodged            |    14 |    11 ||    25
